AoeStats
← Ueriger

Four Lakes

508383782Analyzed
1v1 RM · 11d ago on Sep 22, 2026· 44m 42s· 2 players
Game mode
Random Map
Map size
Tiny (2 player)
Population
200
Speed
Normal
Resources
Standard
Victory
Conquest
Starting age
Dark Age
Ending age
Imperial Age
RankedLock teamsTeams togetherTeam positionsShared explorationLock speedFull tech treeHidden civsTurbo modeCheats
Victory
Defeat
🇩🇪 Persians · Germany
1327
+15
🇭🇰 Portuguese · Hong Kong SAR China
1297
-15
Not-Alone
2:17 Loom
12:29 Feudal Age
15:38 Double-Bit Axe
18:58 Castle Age
17:04 Fishing Lines
18:46 Town Watch
20:15 Bow Saw
20:48 Gillnets
23:30 Wheelbarrow
24:09 Stone Mining
24:12 Gold Mining
28:12 Imperial Age
27:03 Hand Cart
29:58 Chemistry
34:45 Husbandry
34:06 Cavalier
34:57 Bloodlines
34:54 Scale Barding Armor
34:59 Forging
34:50 Padded Archer Armor
36:33 Chain Barding Armor
37:05 Conscription
36:46 Arquebus
38:25 Plate Barding Armor
39:33 Iron Casting
41:38 Bombard Tower
43:54 Pikeman
Ueriger
7:43 Loom
9:52 Feudal Age
10:15 Double-Bit Axe
17:15 Forging
17:39 Scale Barding Armor
17:46 Horse Collar
20:37 Castle Age
19:58 Gold Mining
20:52 Bloodlines
20:50 Stone Mining
23:48 Heavy Plow
24:00 Town Watch
25:05 Chain Barding Armor
26:30 Wheelbarrow
27:18 Iron Casting
27:55 Hand Cart
28:31 Fletching
28:54 Town Patrol
29:27 Bodkin Arrow
35:05 Imperial Age
34:17 Bow Saw
34:37 Masonry
35:15 Husbandry
34:47 Cavalier
37:26 Two-Man Saw
38:20 Blast Furnace
37:56 Plate Barding Armor
37:28 Padded Archer Armor
37:28 Scale Mail Armor
37:38 Murder Holes
38:13 Architecture
38:37 Savar
39:43 Light Cavalry
43:27 Ballistics
45:00 Hoardings
Connection lost

Rejoining the realm…

Still unreachable

The connection could not be restored.

Session expired

The server has moved on; the page needs a fresh start.